 Dungeon Crawl Stone Soup version 0.26-a0-712-ga5a9c9c9d0 (webtiles) character file.

Game seed: 5658928896520876540

(classic levelgen) 28590 EnegeticOcto the Cleaver (level 13, 0/120 HPs)
             Began as a Deep Dwarf Fighter on Nov 4, 2020.
             Was the Champion of Makhleb.
             Slain by an enormous slime creature (54 damage)
             ... on level 15 of the Dungeon.
             The game lasted 00:06:25 (8712 turns).

EnegeticOcto the Cleaver (Deep Dwarf Fighter)       Turns: 8712, Time: 00:06:25

Health: 0/120      AC: 29    Str: 29    XL:     13   Next: 10%
Magic:  9/9        EV:  5    Int:  8    God:    Makhleb [******]
Gold:   1020       SH: 13    Dex: 12    Spells: 12/12 levels left

rFire    . . .     SeeInvis +   a - +1 war axe
rCold    . . .     Faith    +   c - +0 kite shield
rNeg     . . .     Spirit   .   s - +4 crystal plate armour
rPois    .         Reflect  .   (no helmet)
rElec    .         Harm     .   H - +0 cloak
rCorr    .         Rampage  .   (no gloves)
MR       ++...                  l - +2 pair of boots
Stlth    ..........             y - amulet of faith
HPRegen  0.00/turn              o - ring "Guxuokan" {Str+3 Slay+4 SInv}
MPRegen  0.11/turn              C - ring of protection from magic

@: non-regenerating, studying Shields
A: damage resistance, heal wounds, sense surroundings 2, no regeneration
a: Heal Wounds, Minor Destruction, Lesser Servant of Makhleb, Major Destruction,
Greater Servant of Makhleb, Renounce Religion


You were on level 15 of the Dungeon.
You worshipped Makhleb.
Makhleb was exalted by your worship.
You visited 2 branches of the dungeon, and saw 16 of its levels.
You also visited: Bailey.

You collected 1020 gold pieces.

Inventory:

Hand Weapons
 a - a +1 war axe (weapon)
Missiles
 q - 6 throwing nets (quivered)
Armour
 c - a +0 kite shield (worn)
 l - a +2 pair of boots (worn)
 s - a +4 crystal plate armour (worn)
 H - a +0 cloak (worn)
Jewellery
 o - the ring "Guxuokan" (left hand) {Str+3 Slay+4 SInv}
   (You acquired it on level 10 of the Dungeon)

   [ring of see invisible]

   It affects your strength (+3).
   It affects your accuracy and damage with ranged weapons and melee attacks
   (+4).
   It lets you see invisible.
 y - an amulet of faith (around neck)
 z - an uncursed amulet of guardian spirit {unknown}
 C - a ring of protection from magic (right hand)
 D - a cursed ring of attention {unknown}
Wands
 m - a wand of polymorph (22)
 u - a wand of paralysis (18)
 v - a wand of iceblast (30) {@v2}
 J - a wand of disintegration (16)
Scrolls
 b - 9 scrolls of remove curse {@r2}
 e - 4 scrolls of amnesia
 g - 4 scrolls of magic mapping {@r5}
 i - 4 scrolls of fog
 j - 5 scrolls of teleportation {@r3}
 t - 2 scrolls of enchant weapon
 A - a scroll of torment {unknown}
 G - a scroll of identify {@r1}
 I - a scroll of blinking {unknown}
Potions
 d - a potion of might {@q3}
 f - a potion of haste {@q4}
 h - 2 potions of mutation
 k - 3 potions of magic
 n - 6 potions of flight
 r - 7 potions of curing {@q1}
 w - 2 potions of brilliance {unknown}
 x - 2 potions of invisibility {unknown}
 E - a potion of cancellation {unknown}
 F - 2 potions of degeneration {unknown}
 K - a potion of experience {unknown}
Books
 p - a manual of Shields
Miscellaneous
 B - a tin of tremorstones (3/3)
 V - a condenser vane (2/2)


   Skills:
 + Level 8.9 Fighting
 * Level 13.6 Axes
 + Level 10.4 Armour
 + Level 12.3 Shields
 * Level 12.4 Invocations
 + Level 2.5 Evocations


You had 12 spell levels left.
You didn't know any spells.
Your spell library was empty.

Dungeon Overview and Level Annotations

Branches:
Dungeon (15/15)            Temple (1/1) D:7            Lair (0/6) D:10
    Orc (0/2) D:9          Vaults (0/5) D:13         Bailey (visited)
 Depths: D:15

Altars:
Ashenzari
Cheibriados
Dithmenos
Elyvilon
Fedhas
Gozag
Makhleb
Nemelex Xobeh
Okawaru
Qazlal
Ru
Sif Muna
Trog
Uskayaw
Vehumet
Wu Jian
Xom
Yredelemnul
Zin
The Shining One

Shops:
D:4 *   D:6 [   D:13 [


Innate Abilities, Weirdness & Mutations

You are resistant to damage.
You can heal yourself by infusing magical energy.
You passively map the area around you.
You do not regenerate.


Message History

The large slime creature is moderately wounded.
A slime creature comes into view.
You slice the large slime creature!!
The large slime creature is heavily wounded.
A slime creature comes into view.
The large slime creature hits you but does no damage.
You hit the large slime creature.
The large slime creature is heavily wounded.
You barely miss the large slime creature.
The large slime creature is heavily wounded.
The large slime creature hits you but does no damage.
A slime creature comes into view.
Your crystal plate armour prevents you from hitting the large slime creature.
The large slime creature is heavily wounded.
Two slime creatures merge to form a large slime creature.
The large slime creature closely misses you.
You completely miss the large slime creature.
The large slime creature is heavily wounded.
A slime creature comes into view.
The large slime creature hits you but does no damage.
You completely miss the large slime creature.
The large slime creature is heavily wounded.
Two slime creatures merge to form a very large slime creature.
You block the large slime creature's attack.
You slash the large slime creature!
The large slime creature is heavily wounded.
Two slime creatures merge to form a titanic slime creature.
You slice the titanic slime creature!!
The titanic slime creature is moderately wounded.
There are monsters nearby!
There are monsters nearby!
There are monsters nearby!
There are monsters nearby!
The titanic slime creature hits you but does no damage.
You hit the titanic slime creature.
The titanic slime creature is moderately wounded.
You block the titanic slime creature's attack.
You hit the titanic slime creature.
The titanic slime creature is moderately wounded.
The titanic slime creature hits you!!!
You slice the titanic slime creature!!
The titanic slime creature is moderately wounded.
You block the titanic slime creature's attack.
You hit the titanic slime creature.
The titanic slime creature is moderately wounded.
You slash the titanic slime creature!
The titanic slime creature is heavily wounded.
You block the titanic slime creature's attack.
You slash the titanic slime creature!
The titanic slime creature is heavily wounded.
The titanic slime creature hits you!!!!
Ouch! That really hurt!
* * * LOW HITPOINT WARNING * * *
You are too injured to fight recklessly!
You are too injured to fight recklessly!
Your magical essence is drained by the effort!
You feel much better.
A titanic slime creature splits.
Two slime creatures merge to form an enormous slime creature.
You feel much better.
The large slime creature hits you but does no damage.
Your magical essence is drained by the effort!
You feel much better.
You block the large slime creature's attack.
You barely miss the large slime creature.
The large slime creature is heavily wounded.
You hit the enormous slime creature.
The enormous slime creature barely misses you.
You barely miss the large slime creature.
The large slime creature is heavily wounded.
You hit the enormous slime creature. The large slime creature hits you.
The enormous slime creature hits you!
You slash the large slime creature!
The large slime creature is heavily wounded.
You slash the enormous slime creature!
The large slime creature hits you but does no damage.
The enormous slime creature barely misses you.
You completely miss the enormous slime creature.
The enormous slime creature is heavily wounded.
You slash the large slime creature!
You block the large slime creature's attack.
You completely miss the large slime creature.
The large slime creature is severely wounded.
You slice the enormous slime creature!!
You block the enormous slime creature's attack.
You block the large slime creature's attack.
You slash the large slime creature!
The large slime creature is severely wounded.
You hit the enormous slime creature.
The enormous slime creature completely misses you.
You block the large slime creature's attack.
You hit the large slime creature.
The large slime creature is almost dead.
You slash the enormous slime creature!
You block the enormous slime creature's attack.
You hit the large slime creature.
The large slime creature is almost dead.
You completely miss the enormous slime creature.
You block the large slime creature's attack.
The enormous slime creature hits you!!!
You die...

≈ , , , , , + * * ,
, , * , * * , , , ,
* * * ***, , , ,
,** , ,*** * * * *
* , ,,, , , , , ,.
, , * * * * # *
,##################
*,*
#@J..............#
* ,*
#J##############.#
, #.# #.# * ,#.#
#.# * #.# #.. , #.#
*** * * #### *,*,
#.. , , ,#... *
,### *#### #... * ,
, ,, .....#...


You could see an enormous slime creature and a large slime creature.

Vanquished Creatures
  A hydra (D:12)
  Harold (D:7)
  4 centaur warriors (D:13)
  2 two-headed ogres
  Erica (D:10)
  A tengu warrior (D:13)
  A skeletal warrior (D:13)
  2 unseen horrors (D:13)
  A manticore (shapeshifter) (D:13)
  2 manticores (D:11)
  An ugly thing (D:11)
  A cyclops (D:13)
  A black mamba (shapeshifter) (D:13)
  Maurice (D:13)
  Psyche (D:10)
  2 gargoyles (D:13)
  A komodo dragon (D:10)
  A freezing wraith (D:13)
  5 trolls
  A tengu conjurer (D:13)
  A hornet (D:10)
  A meliai zombie (D:11)
  3 shadows
  2 vampires (D:11)
  3 wyverns
  A hog (shapeshifter) (D:13)
  21 yaks
  Grum (D:8)
  A soldier ant (shapeshifter) (D:13)
  4 acid dragons
  2 water moccasins
  2 necrophages
  8 orc warriors
  A hornet zombie (D:13)
  5 sky beasts
  2 eyes of draining
  2 ice beasts
  5 phantoms
  9 ogres
  4 wolves (D:8)
  10 centaurs
  A big kobold (D:8)
  11 bullfrogs
  A gnoll sergeant (D:10)
  A wyvern skeleton (D:7)
  6 scorpions
  9 killer bees
  5 troll zombies (D:9)
  6 wights
  3 howler monkeys (D:11)
  2 quasits (D:10)
  2 bullfrog zombies
  2 centaur zombies
  5 hounds
  6 orc priests
  3 centaur skeletons
  4 jellies
  6 iguanas
  16 orc wizards
  10 worker ants
  3 ogre zombies (D:9)
  A hound zombie (D:6)
  3 worker ant zombies
  6 gnolls
  6 adders
  2 howler monkey skeletons
  4 shadow imps
  3 white imps
  2 ufetubi
  An ooze (D:2)
  An adder zombie (D:9)
  3 adder skeletons
  2 worms (D:2)
  A worm (shapeshifter) (D:13)
  5 dart slugs
  A leopard gecko (D:3)
  41 orcs
  5 giant cockroaches
  7 goblins
  3 hobgoblins
  6 jackals
  A quokka (D:6)
  2 ball pythons
  13 bats
  A frilled lizard (D:2)
  A goblin skeleton (D:9)
  A goblin zombie (D:9)
  2 hobgoblin skeletons (D:9)
  3 hobgoblin zombies (D:9)
  8 kobolds
  2 leopard gecko skeletons
  4 orc skeletons (D:9)
  14 orc zombies (D:9)
  A quokka skeleton (D:5)
  A quokka zombie (D:5)
  2 rats (D:1)
380 creatures vanquished.

Vanquished Creatures (collateral kills)
  A hydra (D:11)
  A two-headed ogre (D:11)
  An efreet (D:13)
  3 yaks (D:11)
  A basilisk (D:13)
  2 wights
  An iguana (D:11)
  2 orcs (D:11)
12 creatures vanquished.

Vanquished Creatures (others)
  A meliai (shapeshifter) (D:13)
  6 plants (D:10)
7 creatures vanquished.

Grand Total: 399 creatures vanquished

Notes
Turn   | Place    | Note
-------+----------+-------------------------------------------
     0 | D:1      | EnegeticOcto the Deep Dwarf Fighter began the quest for the
                  | Orb.
     0 | D:1      | Reached XP level 1. HP: 20/20 MP: 1/1
   214 | D:1      | Reached XP level 2. HP: 24/27 MP: 2/2
   413 | D:2      | Reached skill level 3 in Axes
   481 | D:2      | Reached XP level 3. HP: 26/33 MP: 3/3
   582 | D:4      | Found a snail-covered altar of Cheibriados.
   620 | D:4      | Reached XP level 4. HP: 19/42 MP: 4/4
   711 | D:4      | Reached skill level 4 in Axes
   716 | D:4      | Reached XP level 5. HP: 49/49 MP: 4/4
   962 | D:4      | Reached XP level 6. HP: 41/56 MP: 5/5
  1139 | D:4      | Found Quyriv's Mayhem Merchandise.
  1325 | D:4      | Reached skill level 5 in Axes
  1380 | D:5      | Entered Level 5 of the Dungeon
  1494 | D:5      | Reached XP level 7. HP: 37/64 MP: 6/6
  1539 | D:5      | Reached skill level 5 in Armour
  1539 | D:5      | Reached skill level 5 in Shields
  1616 | D:5      | Found a shadowy altar of Dithmenos.
  1703 | D:5      | Found an iron altar of Okawaru.
  1883 | D:5      | Reached skill level 6 in Axes
  1894 | D:5      | Found an ornate altar of the Wu Jian Council.
  1899 | D:5      | Found a broken altar of Ashenzari.
  1906 | D:5      | Found a blossoming altar of Fedhas.
  1911 | D:5      | Found a basalt altar of Yredelemnul.
  1931 | D:5      | Found a bloodstained altar of Trog.
  1938 | D:5      | Found a radiant altar of Vehumet.
  1943 | D:5      | Found a sparkling altar of Nemelex Xobeh.
  2292 | D:6      | Reached XP level 8. HP: 46/73 MP: 4/4
  2382 | D:6      | Found Kymmeb's Armour Emporium.
  2596 | D:6      | Reached skill level 7 in Axes
  2804 | D:7      | Noticed Harold
  2816 | D:7      | Reached skill level 5 in Fighting
  2832 | D:7      | Killed Harold
  2832 | D:7      | Reached skill level 8 in Axes
  2832 | D:7      | Gained mutation: You passively map the area around you.
                  | [Deep Dwarf growth]
  2832 | D:7      | Reached XP level 9. HP: 47/81 MP: 4/4
  2975 | D:7      | Reached skill level 9 in Axes
  3003 | D:7      | Found a shimmering altar of Xom.
  3069 | D:7      | Found a staircase to the Ecumenical Temple.
  3163 | Temple   | Entered the Ecumenical Temple
  3252 | Temple   | Became a worshipper of Makhleb the Destroyer
  3408 | D:7      | Reached skill level 1 in Invocations
  3735 | D:8      | Found a flagged portal.
  3754 | Bailey   | Entered a bailey
  3754 | Bailey   | Noticed an orc knight
  3808 | D:8      | Reached * piety under Makhleb
  3833 | D:8      | Noticed Grum
  3850 | D:8      | Killed Grum
  3869 | D:8      | Reached XP level 10. HP: 62/92 MP: 3/5
  3881 | D:8      | Reached skill level 10 in Axes
  3911 | D:8      | Found a sacrificial altar of Ru.
  4077 | D:8      | Found a glowing golden altar of the Shining One.
  4335 | D:9      | Found a staircase to the Orcish Mines.
  4366 | D:9      | Reached ** piety under Makhleb
  4408 | D:9      | Reached skill level 5 in Invocations
  4436 | D:9      | Reached *** piety under Makhleb
  4645 | D:9      | Found a shadowy altar of Dithmenos.
  4934 | D:10     | Entered Level 10 of the Dungeon
  4934 | D:10     | Noticed Erica
  4977 | D:10     | Killed Erica
  5115 | D:10     | Noticed Psyche
  5126 | D:10     | Killed Psyche
  5126 | D:10     | Reached skill level 11 in Axes
  5200 | D:10     | Reached **** piety under Makhleb
  5259 | D:10     | Reached XP level 11. HP: 100/100 MP: 8/8
  5692 | D:10     | Found a staircase to the Lair.
  5777 | D:10     | Identified a scroll of acquirement
  5778 | D:10     | Acquired the ring "Guxuokan" {Str+3 Slay+4 SInv}
  5836 | D:11     | Noticed a two-headed ogre
  5848 | D:11     | Killed a two-headed ogre
  5912 | D:11     | Noticed a six-headed hydra
  5915 | D:11     | Noticed a two-headed ogre
  5919 | D:11     | Reached ***** piety under Makhleb
  5949 | D:11     | Killed a 16-headed hydra
  5949 | D:11     | Reached skill level 10 in Shields
  5955 | D:11     | Killed a two-headed ogre
  5974 | D:11     | Reached skill level 12 in Axes
  6141 | D:11     | Noticed a purple ugly thing
  6153 | D:11     | Killed a purple ugly thing
  6156 | D:11     | Reached skill level 10 in Invocations
  6545 | D:12     | Reached XP level 12. HP: 102/110 MP: 11/11
  6551 | D:12     | Noticed a two-headed ogre
  6562 | D:12     | Killed a two-headed ogre
  6567 | D:12     | Noticed a six-headed hydra
  6593 | D:12     | Killed a 19-headed hydra
  7136 | D:13     | Found Tarios's Antique Armour Boutique.
  7224 | D:13     | Noticed a centaur warrior
  7245 | D:13     | Noticed a centaur warrior
  7247 | D:13     | Killed a centaur warrior
  7249 | D:13     | Noticed a centaur warrior
  7270 | D:13     | Killed a centaur warrior
  7270 | D:13     | Reached skill level 13 in Axes
  7275 | D:13     | Killed a centaur warrior
  7275 | D:13     | Reached skill level 10 in Armour
  7509 | D:13     | Noticed Maurice
  7515 | D:13     | Killed Maurice
  7567 | D:13     | Reached skill level 1 in Evocations
  7590 | D:13     | Found a gate to the Vaults.
  7781 | D:13     | Noticed a centaur warrior
  7795 | D:13     | Killed a centaur warrior
  7919 | D:13     | Noticed a tengu warrior
  7926 | D:13     | Killed a tengu warrior
  7926 | D:13     | Reached XP level 13. HP: 111/120 MP: 11/11
  8108 | D:13     | Reached ****** piety under Makhleb
  8605 | D:15     | Entered Level 15 of the Dungeon
  8700 | D:15     | HP: 4/120 [titanic slime creature (80)]
  8712 | D:15     | Slain by an enormous slime creature

Illustrated notes

Levels and vault maps discovered:
D:1:      dpeg_arrival_solitude, layout_loops_ring, nicolae_ashenzari_panopticon
D:2:      layout_loops_corners, minmay_worlds_worst_comb
D:3:      wander_river, layout_rooms, nrook_mini_vaults, hex_large,
          dk_vineyard_1, grunt_ministairs_8, moated_statue
D:4:      layout_gridville, kennysheep_slug_shrine, minmay_shop_mayhem
D:5:      layout_loops_ring, grunt_temple_overflow_octagram, old_standard_altar,
          grunt_dithmenos_smoke_and_mirrors
D:6:      layout_basic, serial_shops, nicolae_shop_behind_doors
D:7:      layout_basic, minmay_temple_entry_proselytizer, basic_altar,
          corexii_corridor_pit, uniq_harold
D:8:      layout_loops_ring, lemuel_crystal_altar, enter_bailey_3,
          tso_metal_star, uniq_grum
D:9:      layout_rooms, old_standard_altar, zombieorc2_lemuel
D:10:     layout_loops_ring, david_lair_shrubbed, roderic_batcave, hive_lemuel,
          uniq_erica, uniq_psyche
D:11:     layout_basic
D:12:     layout_irregular_city, minmay_misc_feat_encased, minmay_misc_feat_five
D:13:     layout_layer_cave, david_vaults_2, serial_shops, shop,
          minmay_the_grid_square_5x5_3x3_mashed
          [minmay_the_grid_square_5x5_eight, minmay_the_grid_square_5x5_corner,
          minmay_the_grid_square_5x5_fat_x,
          minmay_the_grid_square_5x5_three_small,
          minmay_the_grid_square_5x5_megaprize_crossed,
          minmay_the_grid_square_5x5_inset,
          minmay_the_grid_square_5x5_broken_cross,
          minmay_the_grid_square_5x5_bridge,
          minmay_the_grid_square_5x5_longway], uniq_maurice
D:14:     layout_long_grid, hangedman_decor_peaks_small,
          ebering_ghost_funeral_grove
D:15:     grunt_enter_depths_snipers, layout_basic, yredelemnul_altar_generic,
          uniq_nessos, uniq_jorgrun
Temple:   jpeg_temple_clearing

Skill      XL: |  1  2  3  4  5  6  7  8  9 10 11 12 13 |
---------------+----------------------------------------+-----
Axes           | 3 4 5 6 8 9 11 12 13 | 13.6
Fighting       | 3 4 5 6 7 8 |  8.9
Armour         | 4 5 6 7 8 9 10 | 10.4
Shields        | 4 5 6 7 9 10 12 | 12.3
Invocations    | 4 7 10 12 | 12.4
Evocations     | 1 2 |  2.5

Action                   |  1- 3 |  4- 6 |  7- 9 | 10-12 | 13-15 || total
-------------------------+-------+-------+-------+-------+-------++-------
Melee: War axe           |    90 |   102 |   402 |   782 |    81 ||  1457
Invok: Lesser Servant of |       |       |       |     7 |       ||     7
 Abil: Heal Wounds       |       |     5 |    13 |    14 |     3 ||    35
  Use: Scroll            |       |       |    16 |     7 |     1 ||    24
Armor: Scale mail        |    21 |       |       |       |       ||    21
       Chain mail        |    12 |    54 |     5 |       |       ||    71
       Crystal plate arm |       |       |   288 |   901 |    56 ||  1245
Dodge: Dodged            |    28 |    21 |    30 |   153 |    10 ||   242
Block: Kite shield       |    49 |    51 |   238 |   653 |    54 ||  1045

Table legend: (Time is in decaauts)
 A = Elapsed time spent in this place.
 B = Non-inter-level travel time spent in this place.
 C = Inter-level travel time spent in this place.
 D = Time resting spent in this place.
 E = Time spent auto-exploring this place.
 F = Levels seen in this place.
 G = Mean time per level.
                   A        B        C        D        E       F      G
               +--------+--------+--------+--------+--------+-----+--------+
         Total |   8814 |   8426 |    388 |     15 |   6014 |  17 |  518.5 |
       Dungeon |   8706 |   8352 |    354 |     15 |   5944 |  15 |  580.4 |
        Temple |    105 |     72 |     33 |      0 |     70 |   1 |  105.0 |
        Bailey |      2 |      2 |      0 |      0 |      0 |   1 |    2.0 |
               +--------+--------+--------+--------+--------+-----+--------+

Top non-repeatable levels by time:
    D:13: 1319 daAuts
    D:10: 887 daAuts
     D:6: 847 daAuts
     D:4: 829 daAuts
     D:7: 743 daAuts
     D:8: 700 daAuts
    D:12: 681 daAuts
     D:5: 624 daAuts
    D:11: 622 daAuts
     D:9: 611 daAuts
     D:2: 281 daAuts
     D:1: 262 daAuts
    D:14: 123 daAuts
  Temple: 105 daAuts
    D:15: 100 daAuts
